 Dungeon Crawl Stone Soup version 0.30.0-30-g96aa6591b8 (webtiles) character file.

Game seed: 15994681345080668151

1369 cheesebisquit the Trooper (level 8, -12/61 HPs)
             Began as a Djinni Ice Elementalist on June 29, 2023.
             Was an Initiate of Makhleb.
             Mangled by a manticore (21 damage)
             ... on level 6 of the Dungeon.
             The game lasted 00:16:20 (6195 turns).

cheesebisquit the Trooper (Djinni Ice Elementalist) Turns: 6195, Time: 00:16:21

Health: -12/61     AC: 10    Str:  7    XL:     8   Next: 97%
Gold:   284        EV: 11    Int: 19    God:    Makhleb [......] SH:  5 Dex: 14

rFire   + + +        p - +2 dagger (venom)
rCold   x . .        r - +0 buckler
rNeg    . . .        a - +0 robe
rPois   ∞            (no helmet)
rElec   .            (no cloak)
rCorr   .            v - +0 pair of gloves
SInv    .            (boots unavailable)
Will    .....        (no amulet)
Stlth   ++           d - ring of protection from fire
HPRegen 0.30/turn    (no ring)
MPRegen 0.00/turn

%: infuse magic (-13 HP)
@: ice-armoured, spiked, freezing walls, flying
A: sickness immunity, fire resistance 2, cold vulnerability 1, float, innate
caster, HP casting, extra vitality 1
a: Renounce Religion


You were on level 6 of the Dungeon.
You worshipped Makhleb.
Makhleb was noncommittal.
You visited 2 branches of the dungeon, and saw 7 of its levels.
You also visited: Sewer.

You collected 284 gold pieces.

Inventory:

Hand Weapons
 o - a +1 war axe of electrocution
 p - a +2 dagger of venom (weapon)
Armour
 a - a +0 robe (worn)
 r - a +0 buckler (worn)
 s - a +1 ring mail of cold resistance
 v - a +0 pair of gloves (worn)
Jewellery
 d - a ring of protection from fire (left hand)
Wands
 y - a wand of flame (15)
Scrolls
 b - a scroll of noise {unknown}
 c - 4 scrolls of silence
 e - a scroll of fear
 h - a scroll of amnesia {unknown}
 i - a scroll of poison
 j - a scroll of torment {unknown}
 l - a scroll of teleportation {unknown}
 m - a scroll of blinking
 x - a scroll of enchant weapon {unknown}
Potions
 f - a potion of flight {unknown}
 g - 4 potions of brilliance
 k - 3 potions of curing
 n - 2 potions of mutation
 q - a potion of might {unknown}
 t - a potion of cancellation {unknown}
 u - 2 potions of resistance


   Skills:
 + Level 6.2 Fighting
 - Level 2.1 Dodging
 - Level 1.5 Stealth
 + Level 4.8 Shields
 + Level 5.9 Spellcasting


You knew the following spells:

 Your Spells              Type           Power      Damage    Failure   Level
a - Freeze                Ice            100%       1d10      1%          1
b - Frozen Ramparts       Ice            56%        1d9       4%          3
c - Ozocubu's Armour      Ice            28%        N/A       4%          3
d - Summon Ice Beast      Ice/Summ       28%        N/A       16%         4
e - Apportation           Tloc           56%        N/A       1%          1
f - Passwall              Tmut/Erth      23%        N/A       2%          2
g - Dazzling Flash        Conj/Hex       56%        N/A       4%          3
Your spell library was empty.

Dungeon Overview and Level Annotations

Branches:
Dungeon (6/15)             Temple (1/1) D:6           Sewer (visited)

Altars:
Cheibriados
Elyvilon
Fedhas
Gozag
Hepliaklqana
Makhleb
Okawaru
Qazlal
Trog
Uskayaw
Wu Jian
Xom
Yredelemnul
Zin
The Shining One

Shops:
D:5 (

Annotations:
D:4 exclusion: statue


Innate Abilities, Weirdness & Mutations

You are immune to sickness and miasma.
You are immune to poison.
Your flesh is very heat resistant. (rF++)
You are vulnerable to cold. (rC-)
You float through the air rather than walking.
You learn spells naturally, not from books.
Your magical power is your life essence.
You have superior vitality. (+4 MHP)


Message History

The manticore flicks its tail.
The volley of spikes hits you!!
The barbed spikes become lodged in your body.
* * * LOW HITPOINT WARNING * * *
You feel much better.
The wall freezes the manticore but does no damage.
The manticore flicks its tail.
The volley of spikes hits you.
The barbed spikes become lodged in your body.
The wall freezes the adder.
The wall freezes the adder!
You kill the adder!
Makhleb accepts your kill.
Casting: Frozen Ramparts (dangerous; 4% risk of failure)
Confirm with . or Enter, or press ? or * to list all spells.
Your icy armour thickens.
The wall freezes the manticore.
The manticore flicks its tail.
The volley of spikes misses you.
The wall freezes the manticore!
You hit the manticore but do no damage.
The manticore is poisoned.
The manticore is heavily wounded.
The frozen ramparts melt away.
The manticore bites you. The manticore claws you. x2
* * * LOW HITPOINT WARNING * * *
Casting: Ozocubu's Armour (dangerous; 4% risk of failure)
Confirm with . or Enter, or press ? or * to list all spells.
Casting: Frozen Ramparts (dangerous; 4% risk of failure)
Press: ? - help, Dir - look around, f - activate The walls around you are covered in ice.
* * * LOW HITPOINT WARNING * * *
The wall freezes the manticore.
The manticore bites you.
* * * LOW HITPOINT WARNING * * *
The manticore claws you.
* * * LOW HITPOINT WARNING * * *
The manticore claws you.
* * * LOW HITPOINT WARNING * * *
A wight comes into view. It is wielding a +5 falchion.
You feel better.
The wall freezes the manticore but does no damage.
The manticore bites you!!
You die...

###########
#.........# ######
#@#.#.###.# #.....
#H#....##.###.##.#
#)###.........##.#
).. #####.######.#
..#.. #..# #.# ..[
:z. #### #.# ..##
##.. #######.. ..O
... #.......# ..:
... #.......#


You could see a manticore (very poisoned) and a wight (wandering).

Vanquished Creatures
  Grinder (D:5)
  A water moccasin (D:6)
  A sky beast (D:6)
  An ogre (D:6)
  A centaur (D:6)
  A bullfrog (D:6)
  3 scorpions
  A howler monkey (D:5)
  3 hounds
  3 jellies
  A gnoll bouda (D:6)
  2 iguanas
  2 orc wizards
  A hell rat (Sewer)
  5 gnolls (D:6)
  4 adders
  2 ufetubi
  2 worms (D:6)
  A dart slug (D:4)
  17 orcs
  15 endoplasms
  2 goblins
  10 hobgoblins
  11 kobolds
  2 quokkas
  6 ball pythons
  6 bats
  4 frilled lizards
  7 rats
116 creatures vanquished.

Notes
Turn   | Place    | Note
-------+----------+-------------------------------------------
     0 | D:1      | cheesebisquit the Djinni Ice Elementalist began the quest
                  | for the Orb.
     0 | D:1      | cheesebisquit set off with the following spells memorised:
                  | Freeze, Frozen Ramparts, Ozocubu's Armour, Summon Ice
                  | Beast.
     0 | D:1      | Reached XP level 1. HP: 15/15 MP: 0/0
   304 | D:1      | Reached skill level 1 in Fighting
   304 | D:1      | Reached XP level 2. HP: 18/22 MP: 0/0
   367 | D:1      | Found a faded altar of an unknown god.
  1267 | D:2      | Reached XP level 3. HP: 17/27 MP: 0/0
  1267 | D:2      | Learned a level 1 spell: Apportation
  2094 | D:3      | Reached skill level 2 in Fighting
  2094 | D:3      | Reached XP level 4. HP: 12/33 MP: 0/0
  2537 | D:3      | Reached XP level 5. HP: 22/40 MP: 0/0
  2537 | D:3      | Learned a level 2 spell: Passwall
  2708 | D:3      | Reached skill level 3 in Fighting
  2810 | D:3      | Found a hide-covered altar of Uskayaw.
  3289 | D:3      | Reached XP level 6. HP: 43/46 MP: 0/0
  3591 | D:4      | Reached skill level 1 in Shields
  4008 | D:4      | Reached skill level 4 in Fighting
  4287 | D:5      | Entered Level 5 of the Dungeon
  4294 | D:5      | Found a basalt altar of Yredelemnul.
  4354 | D:5      | Reached XP level 7. HP: 48/53 MP: 0/0
  4354 | D:5      | Learned a level 3 spell: Dazzling Flash
  4482 | D:5      | Noticed Grinder
  4578 | D:5      | Found Todwyki's Antique Weapon Emporium.
  4695 | D:5      | Reached skill level 5 in Spellcasting
  5019 | D:5      | Paralysed by Grinder for 4 turns
  5026 | D:5      | Paralysed by Grinder for 2 turns
  5043 | D:5      | Paralysed by Grinder for 3 turns
  5049 | D:5      | Killed Grinder
  5050 | D:5      | Reached skill level 5 in Fighting
  5050 | D:5      | Reached XP level 8. HP: 28/59 MP: 0/0
  5463 | D:6      | Found a shimmering altar of Xom.
  5509 | D:6      | Found a glowing drain.
  5547 | Sewer    | Entered a sewer
  5819 | D:6      | Found a staircase to the Ecumenical Temple.
  5825 | Temple   | Entered the Ecumenical Temple
  5963 | Temple   | Became a worshipper of Makhleb the Destroyer
  6069 | D:6      | Found a bloodstained altar of Trog.
  6090 | D:6      | Found a stormy altar of Qazlal.
  6173 | D:6      | Reached skill level 6 in Fighting
  6182 | D:6      | Noticed a manticore
  6195 | D:6      | Mangled by a manticore

Illustrated notes

Levels and vault maps discovered:
D:1:      lemuel_arrival_river_ford, layout_basic,
          shapermc_ecumenical_altar_acropolis, minmay_misc_feat_secret_circle
D:2:      layout_basic, serial_forest, infiniplex_forest_clump_small,
          infiniplex_forest_clump_tiny, infiniplex_forest_lined_room_2,
          infiniplex_forest_lined_2, infiniplex_forest_split,
          infiniplex_forest_straight_3, infiniplex_forest_clump_medium,
          infiniplex_forest_end_1, infiniplex_forest_lined_corner,
          kennysheep_nub
D:3:      cheibrodos_fertilizer, layout_basic, mainiacjoe_overflow_boulevard
D:4:      layout_cave_pools, vehumet_statue, serial_bayou, serial_bayou_pond_d,
          serial_bayou_shore_a, serial_bayou_lagoon_a, serial_bayou_crossing
D:5:      layout_basic, overflow_temple_1_default, serial_shops, shop,
          chequers_jeans, uniq_grinder
D:6:      layout_loops_cross, lightli_temple_of_fire,
          mainiacjoe_overflow_catch_the_wave, nicolae_qazlal_beasts_of_the_sky,
          temple_green, cheibrodos_sewer_entry_sluice, grunt_potential
Temple:   nicolae_temple_bog_church

Skill      XL: |  1  2  3  4  5  6  7  8 |
---------------+-------------------------+-----
Fighting       | 1 2 3 4 5 6 |  6.2
Spellcasting   | 4 5 |  5.9
Shields        | 2 3 4 |  4.8
Dodging        | |  2.1
Stealth        | |  1.5

Action                     |  1- 3 |  4- 6 |  7- 9 || total
---------------------------+-------+-------+-------++-------
  Melee: Unarmed           |     1 |       |       ||     1
         Dagger            |       |    57 |    50 ||   107
   Cast: Freeze            |    46 |     8 |     4 ||    58
         Frozen Ramparts   |     1 |    35 |    28 ||    64
         Ozocubu's Armour  |     1 |    27 |    16 ||    44
         Dazzling Flash    |       |       |     1 ||     1
    Use: Scroll            |       |     6 |     3 ||     9
         Potion            |       |       |     8 ||     8
 Armour: Robe              |     7 |    27 |    20 ||    54
  Dodge: Dodged            |    34 |    38 |    28 ||   100
  Block: Buckler           |       |     6 |    11 ||    17
